 Dungeon Crawl Stone Soup version 0.24-a0-512-g2b48af375b (webtiles) character file.

Game seed: 17032307607295911893

111 Gynju the Conjurer (level 4, -3/24 HPs)
             Began as a Deep Elf Conjurer on July 20, 2019.
             Slain by an orc
             ... wielding a +0 hand axe
              (5 damage)
             ... on level 2 of the Dungeon.
             The game lasted 00:02:56 (2389 turns).

Gynju the Conjurer (Deep Elf Conjurer)              Turns: 2389, Time: 00:02:57

Health: -3/24      AC:  2    Str:  6    XL:     4   Next: 62%
Magic:  1/13       EV: 13    Int: 20    God:
Gold:   193        SH:  0    Dex: 15    Spells: 7/13 levels left

rFire    . . .     SeeInvis .   b - +1 short sword (venom)
rCold    . . .     Gourm    .   (no shield)
rNeg     . . .     Faith    .   a - +0 robe
rPois    .         Spirit   .   (no helmet)
rElec    .         Reflect  .   (no cloak)
rCorr    .         Harm     .   (no gloves)
MR       .....                  (no boots)
Stlth    ++........             (no amulet)
HPRegen  0.08/turn              (no ring)
MPRegen  0.13/turn              (no ring)

@: lethally poisoned (-3 -> -5)
A: no striking features
a: no special abilities


You were on level 2 of the Dungeon.
You were not hungry.

You visited 1 branch of the dungeon, and saw 3 of its levels.

You collected 193 gold pieces.

Inventory:

Hand Weapons
 b - a +1 short sword of venom (weapon)
Missiles
 d - 48 stones (quivered)
 e - 8 datura-tipped darts
Armour
 a - a +0 robe (worn)
Wands
 k - a wand of random effects (7)
Scrolls
 g - a scroll of enchant weapon {unknown}
 h - a scroll of identify {unknown}
 j - a scroll of teleportation {unknown}
 l - a scroll of amnesia {unknown}
 m - a scroll of fog {unknown}
Potions
 i - a potion of mutation {unknown}
 n - a potion of might {unknown}
Comestibles
 c - 3 rations


   Skills:
 - Level 2.4 Dodging
 - Level 2.4 Stealth
 - Level 5.0 Spellcasting
 + Level 5.7 Conjurations


You had 7 spell levels left.
You knew the following spells:

 Your Spells              Type           Power        Failure   Level  Hunger
a - Magic Dart            Conj           ####         1%          1    None
b - Dazzling Spray        Conj/Hex       ###...       11%         3    ##.....
c - Searing Ray           Conj           ####..       1%          2    None

Your spell library contained the following spells:

 Spells                   Type           Power        Failure   Level  Hunger
 Iskenderun's Mystic Bla  Conj           ####....     11%         4    ####...
 Force Lance              Conj/Tloc      ###.....     34%         4    ####...
 Fulminant Prism          Conj/Hex       ###.......   34%         4    ####...


Dungeon Overview and Level Annotations

Branches:
Dungeon (3/15)

Altars:
Dithmenos
Elyvilon
Hepliaklqana
Makhleb
Qazlal
Ru
Wu Jian
Xom


Message History

Casting: Magic Dart (safe; 1% risk of failure)
Confirm with . or Enter, or press ? or * to list all spells.
You don't have enough magic to cast that spell.
Casting: Magic Dart (safe; 1% risk of failure)
Confirm with . or Enter, or press ? or * to list all spells.
You don't have enough magic to cast that spell.
Casting: Magic Dart (safe; 1% risk of failure)
Confirm with . or Enter, or press ? or * to list all spells.
You don't have enough magic to cast that spell.
Casting: Magic Dart (safe; 1% risk of failure)
Confirm with . or Enter, or press ? or * to list all spells.
You don't have enough magic to cast that spell.
Casting: Magic Dart (safe; 1% risk of failure)
Confirm with . or Enter, or press ? or * to list all spells.
You don't have enough magic to cast that spell.
You barely miss the adder.
* * * LOW HITPOINT WARNING * * *
You feel sick. The adder closely misses you.
The orc hits you with a +0 hand axe.
You die...

#........# ##.#..#### #.
#>.......# ##.......######.
#........###...####........
######...##..#..###........
###....#........#####.
####..........## #.
#........)...# #.
###.o..........# #.
#.<@...........# #.
#.##S.........## ##
##.##.#...#....##
##..##.#..#####..#####
##..##..##.# #......)..
##..#...###.###.........
#####.....###
#............. #......#..#
#####......รท.. #.#######'#
#.........


You could see an adder and an orc.

Vanquished Creatures
  4 adders
  An ooze (D:2)
  A worm (D:3)
  3 dart slugs
  An orc (D:3)
  2 ball pythons (D:2)
  10 bats
  3 giant cockroaches
  8 goblins
  8 hobgoblins
  4 jackals (D:2)
  2 quokkas (D:2)
  2 frilled lizards
  3 kobolds
  6 rats
58 creatures vanquished.

Notes
Turn   | Place    | Note
-------+----------+-------------------------------------------
     0 | D:1      | Gynju the Deep Elf Conjurer began the quest for the Orb.
     0 | D:1      | Reached XP level 1. HP: 10/10 MP: 6/6
   202 | D:1      | Reached XP level 2. HP: 15/15 MP: 5/8
   987 | D:2      | Reached skill level 5 in Conjurations
   988 | D:2      | Reached XP level 3. HP: 19/19 MP: 5/10
  1368 | D:2      | Found a stormy altar of Qazlal.
  1427 | D:2      | Found a sacrificial altar of Ru.
  1429 | D:2      | Found a burning altar of Makhleb.
  1433 | D:2      | Found a shadowy altar of Dithmenos.
  1434 | D:2      | Found a white marble altar of Elyvilon.
  1654 | D:2      | Found a hazy altar of Hepliaklqana.
  1656 | D:2      | Found a shimmering altar of Xom.
  1656 | D:2      | Noticed an insubstantial wisp
  1658 | D:2      | Noticed an insubstantial wisp
  1658 | D:2      | Noticed a spectral ugly thing
  1693 | D:2      | Found an ornate altar of the Wu Jian Council.
  1804 | D:2      | Reached XP level 4. HP: 24/24 MP: 8/12
  1952 | D:2      | Learned a level 3 spell: Dazzling Spray
  1955 | D:2      | Learned a level 2 spell: Searing Ray
  2114 | D:3      | Reached skill level 5 in Spellcasting
  2389 | D:2      | Slain by an orc

Levels and vault maps discovered:
D:1:      beargit_arrival_greenhouse, layout_basic
D:2:      layout_rooms, regret_index_temple_of_mockery, grunt_qazlal_clouds,
          lemuel_round_altar, minitemple
D:3:      layout_rooms, marbit_many_paths, uniq_purgy

Skill      XL: |  1  2  3  4 |
---------------+-------------+-----
Spellcasting   | 4 5 |  5.0
Conjurations   | 5 |  5.7
Dodging        | |  2.4
Stealth        | |  2.4

Action                   |  1- 3 |  4- 6 || total
-------------------------+-------+-------++-------
Melee: Short sword       |     2 |     1 ||     3
       Unarmed           |     2 |       ||     2
 Cast: Magic Dart        |    82 |    51 ||   133
  Eat: Chunk             |     3 |     1 ||     4
Armor: Robe              |     4 |     2 ||     6
Dodge: Dodged            |    19 |    44 ||    63

Table legend:
 A = Non-vault XP
 B = Vault XP
 C = Vault XP percentage of total XP
 D = Non-vault monster count
 E = Vault monster count
 F = Vault count percentage of total count
                 A         B        C        D         E       F
            +---------+---------+-------+---------+---------+-------
      Total |     159 |       0 |   0.0 |      58 |       0 |   0.0
            +---------+---------+-------+---------+---------+-------
        D:1 |      38 |       0 |   0.0 |      21 |       0 |   0.0
        D:2 |      91 |       0 |   0.0 |      29 |       0 |   0.0
        D:3 |      30 |       0 |   0.0 |       8 |       0 |   0.0
            +---------+---------+-------+---------+---------+-------
